AoeStats
← NoThing_CL

Arabia

511741069Analyzed
1v1 RM · 11d ago on Oct 6, 2026· 44m 10s· 2 players
Game mode
Random Map
Map size
Tiny (2 player)
Population
200
Speed
Normal
Resources
Standard
Victory
Conquest
Starting age
Dark Age
Ending age
Imperial Age
RankedLock teamsTeams togetherTeam positionsShared explorationLock speedFull tech treeHidden civsTurbo modeCheats
Victory
Defeat
🇬🇧 Vietnamese · United Kingdom
612
+17
vs
🇨🇱 Vikings · Chile
631
-17
The_Wearside_Wanderer
10:02 Feudal Age
10:18 Man-at-Arms
10:24 Man-at-Arms
10:56 Double-Bit Axe
13:16 Horse Collar
15:22 Arson
17:49 Scale Mail Armor
20:54 Wheelbarrow
22:59 Castle Age
22:51 Padded Archer Armor
23:02 Crossbowman
24:08 Fletching
24:32 Gold Mining
25:10 Bow Saw
26:53 Hand Cart
29:15 Heavy Plow
29:14 Bodkin Arrow
29:54 Ballistics
32:15 Leather Archer Armor
33:37 Chain Mail Armor
33:43 Thumb Ring
38:27 Husbandry
41:34 Imperial Age
42:16 Scale Barding Armor
42:26 Capped Ram
42:45 Cavalier
42:51 Arbalester
43:09 Pikeman
44:21 Bracer
44:51 Ring Archer Armor
44:52 Plate Mail Armor
NoThing_CL
2:53 Loom
10:43 Feudal Age
10:50 Loom
11:38 Horse Collar
11:44 Double-Bit Axe
21:32 Scale Barding Armor
21:43 Forging
21:33 Scale Mail Armor
21:50 Man-at-Arms
25:59 Castle Age
24:40 Gold Mining
24:50 Stone Mining
27:08 Bow Saw
32:57 Chain Barding Armor
Connection lost

Rejoining the realm…

Still unreachable

The connection could not be restored.

Session expired

The server has moved on; the page needs a fresh start.